AoeStats
← THL

Arabia

506313153Analyzed
1v1 RM · 20d ago on Sep 13, 2026· 39m 4s· 2 players
Game mode
Random Map
Map size
Tiny (2 player)
Population
200
Speed
Normal
Resources
Standard
Victory
Conquest
Starting age
Dark Age
Ending age
Imperial Age
RankedLock teamsTeams togetherTeam positionsShared explorationLock speedFull tech treeHidden civsTurbo modeCheats
Victory
Defeat
🇦🇷 Celts · Argentina
1775
+19
🇻🇳 Tatars · Vietnam
1844
-19
FMarcoss
6:29 Loom
6:40 Loom
9:13 Feudal Age
9:21 Man-at-Arms
9:47 Double-Bit Axe
13:27 Fletching
21:10 Castle Age
19:59 Gold Mining
19:50 Horse Collar
20:13 Padded Archer Armor
21:12 Crossbowman
21:48 Bodkin Arrow
22:20 Bow Saw
38:39 Imperial Age
36:28 Scale Mail Armor
36:15 Arson
38:17 Chain Mail Armor
39:07 Forging
39:55 Plate Mail Armor
39:47 Conscription
THL
6:24 Loom
8:58 Feudal Age
9:34 Double-Bit Axe
16:32 Fletching
23:38 Castle Age
23:14 Padded Archer Armor
26:07 Bodkin Arrow
26:04 Elite Skirmisher
32:23 Ballistics
39:42 Wheelbarrow
Connection lost

Rejoining the realm…

Still unreachable

The connection could not be restored.

Session expired

The server has moved on; the page needs a fresh start.